[Event "Titled Tuesday Blitz February 07 Late 2023"]
[White "Grigorov, Grigor"]
[Black "Deac, Bogdan-Daniel"]
[WhiteFideId "2907313"]
[BlackFideId "1226380"]
[WhiteElo "2510"]
[BlackElo "2700"]
[Result "1/2-1/2"]
[Round "04"]
[TimeControl "180+2"]
[Date "2023.02.07"]
[WhiteClock "0:00:10"]
[BlackClock "0:00:05"]

1. d4 Nf6 2. Nf3 d5 3. c3 a6 4. Bf4 Bf5 5. Nbd2 e6 6. e3 c5 7. Be2 Nc6 8. h3 h6 9. O-O Rc8 10. Ne5 Be7 11. a4 O-O 12. Nxc6 Rxc6 13. a5 Bd6 14. Bxd6 Qxd6 15. Qa4 Nd7 16. Qa3 Rfc8 17. Rfd1 Bg6 18. Rac1 Qc7 19. Bf3 cxd4 20. exd4 b5 21. axb6 Qxb6 22. Be2 a5 23. Ra1 Rb8 24. Qa4 Rc7 25. Ra2 Rbb7 26. Rc1 Nb8 27. Nf3 Nc6 28. Ne5 Nxe5 29. dxe5 Rc5 30. b4 Rcc7 31. bxa5 Qa7 32. a6 Rb8 33. Qa5 d4 34. c4 d3 35. Bf1 Rb6 36. c5 Rbc6 37. Qa3 Rxc5 38. Rxc5 Rxc5 39. Bxd3 Bxd3 40. Qxd3 Rxe5 41. Qd8+ Kh7 42. Qd3+ g6 43. Qc3 Rd5 44. g3 Rd6 45. Qf3 Kg7 46. Qb7 Qxb7 47. axb7 Rb6 48. Ra7 Rb2 49. h4 Kf6 50. Kg2 g5 51. hxg5+ hxg5 52. g4 Ke5 53. b8=Q+ Rxb8 54. Rxf7 Rb4 55. Kg3 1/2-1/2


[Site "https://www.chess.com"]

[Event "Titled Tuesday Blitz February 07 Late 2023"]
[White "Fedoseev, Vladimir"]
[Black "Pichot, Alan"]
[WhiteFideId "24130737"]
[BlackFideId "110973"]
[WhiteElo "2680"]
[BlackElo "2638"]
[Result "1-0"]
[Round "04"]
[TimeControl "180+2"]
[Date "2023.02.07"]
[WhiteClock "0:00:19"]
[BlackClock "0:00:19"]

1. Nf3 Nf6 2. d4 g6 3. c4 Bg7 4. Nc3 d6 5. e4 O-O 6. Be2 Bg4 7. Be3 Nfd7 8. Ng1 Bxe2 9. Ngxe2 e5 10. d5 f5 11. f3 Bh6 12. Bf2 a5 13. h4 Na6 14. h5 Kg7 15. a3 Nac5 16. Qc2 a4 17. hxg6 hxg6 18. exf5 gxf5 19. Ng3 Qg5 20. f4 Qg6 21. Nh5+ Kg8 22. O-O-O exf4 23. Kb1 Ne5 24. Bxc5 dxc5 25. Ne2 Qg4 26. Rdf1 Ng6 27. g3 f3 28. Nef4 Rae8 29. Ne6 Rf7 30. Nhf4 Bg7 31. Qh2 Bf6 32. Nxg6 Qxg6 33. Rxf3 Be5 34. Ka2 Bd6 35. Qh8# 1-0


[Site "https://www.chess.com"]

[Event "Titled Tuesday Blitz February 07 Late 2023"]
[White "Harvey, Marcus R"]
[Black "Salem, A.R. Saleh"]
[WhiteFideId "400092"]
[BlackFideId "9301348"]
[WhiteElo "2462"]
[BlackElo "2677"]
[Result "0-1"]
[Round "04"]
[TimeControl "180+2"]
[Date "2023.02.07"]
[WhiteClock "0:00:03"]
[BlackClock "0:00:08"]

1. d4 Nf6 2. c4 g6 3. Nc3 Bg7 4. e4 O-O 5. Be2 d6 6. Be3 Na6 7. Nf3 e5 8. O-O exd4 9. Nxd4 Re8 10. Qc2 Nc5 11. f3 c6 12. Rad1 Qe7 13. Rfe1 a5 14. Bf1 a4 15. g3 h5 16. Bg2 Nfd7 17. Nde2 h4 18. g4 h3 19. Bxh3 Ne5 20. Bg2 Nxc4 21. Bf2 a3 22. b3 Nb2 23. Rd2 Na6 24. Bd4 Nb4 25. Qb1 Bh6 26. f4 Bxg4 27. e5 dxe5 28. Bxe5 Qh4 29. Ne4 Rxe5 30. fxe5 Bxd2 31. Nxd2 N4d3 32. Ng3 Nxe1 33. Qxe1 Re8 34. Qe3 Nd1 35. Qf4 Qe7 36. Nde4 Qxe5 37. Nf6+ Kg7 38. Nxe8+ Qxe8 39. Ne4 Bf5 40. Nd6 Qe1+ 41. Bf1 Qe3+ 42. Qxe3 Nxe3 43. Nxb7 Bb1 44. Na5 Bxa2 45. Bd3 Nd5 46. Kf2 Nb4 47. Be4 f5 48. Bf3 Bb1 0-1


[Site "https://www.chess.com"]

[Event "Titled Tuesday Blitz February 07 Late 2023"]
[White "Kollars, Dmitrij"]
[Black "Milikow, Yoav"]
[WhiteFideId "12909572"]
[BlackFideId "2822237"]
[WhiteElo "2607"]
[BlackElo "2394"]
[Result "0-1"]
[Round "04"]
[TimeControl "180+2"]
[Date "2023.02.07"]
[WhiteClock "0:00:04"]
[BlackClock "0:00:04"]

1. d4 d5 2. c4 e6 3. Nf3 Nf6 4. Nc3 Bb4 5. cxd5 exd5 6. Qa4+ Nc6 7. Bg5 h6 8. Bxf6 Qxf6 9. e3 O-O 10. Bd3 Bg4 11. Nd2 a5 12. O-O Ne7 13. a3 Bd6 14. h3 Be6 15. Nb5 Bd7 16. Qc2 Bxb5 17. Bxb5 c6 18. Bd3 a4 19. Rac1 Rfe8 20. Nb1 b5 21. Nd2 Bc7 22. Nf3 Rec8 23. Rfe1 Rab8 24. e4 dxe4 25. Bxe4 Bf4 26. Rcd1 Nd5 27. Ne5 Nb6 28. Nxc6 Bd6 29. Qe2 Rb7 30. Qxb5 Rcc7 31. Ne5 Rb8 32. g3 g6 33. Bg2 Kg7 34. Ng4 Qd8 35. Qd3 h5 36. Ne5 Bxe5 37. Rxe5 Nc4 38. Qe2 Rxb2 39. Re8 Qf6 40. Qe1 Nxa3 41. d5 Nc2 42. Qe5 Qxe5 43. Rxe5 a3 44. d6 Rd7 45. Re7 Rd8 46. Bd5 Rxd6 47. Rxf7+ Kh6 48. Ra7 Nb4 49. Rxa3 Rxd5 50. Raa1 Rxd1+ 51. Rxd1 Nc6 52. Re1 Nd4 53. Kg2 Nf5 54. Re4 Rb6 55. Rf4 Nd6 56. Rf3 Kg7 57. Rd3 Nf5 58. Rd1 Rd6 59. Re1 Rf6 60. Re2 Rf7 61. Rb2 Nd4 62. h4 Nf5 63. Rd2 Nh6 64. Rb2 Ng4 65. Rd2 Re7 66. Rc2 Kf7 67. Rd2 Re6 68. Rd7+ Kf6 69. Rd2 Ke7 70. Rc2 Rd6 71. Re2+ Kf6 72. Rc2 Ne5 73. Re2 Rd3 74. Rb2 Kf5 75. Re2 Nc4 76. Rc2 Nd6 77. Re2 Ne4 78. f3 Nf6 79. Ra2 Nd5 80. Kf2 Rb3 81. Rd2 Ke5 82. Re2+ Kf5 83. Re8 Rb2+ 84. Kg1 Nf6 85. Rf8 Rd2 86. Kf1 Ke6 87. Kg1 Ke7 88. Ra8 Nd5 89. Ra6 Kf7 90. Ra7+ Kf6 91. Ra5 Ne3 92. Ra6+ Kg7 93. Ra7+ Kh6 94. Re7 Nf5 95. Re8 Nxg3 96. Rh8+ Kg7 97. Re8 Nf5 98. Re4 Rd4 99. Re6 Rxh4 100. Kg2 Rd4 101. Ra6 Rd7 102. Kh3 Re7 103. Ra3 Kf7 104. Ra4 Re3 105. Ra7+ Kf6 106. Ra6+ Kg5 107. Kg2 Nh4+ 108. Kh1 Rxf3 109. Ra5+ Kg4 110. Ra2 Kg3 111. Kg1 g5 112. Rb2 g4 113. Rb1 Re3 114. Kh1 Kh3 115. Rg1 g3 116. Rd1 g2+ 117. Kg1 Kg3 118. Rf1 Re1 119. Rxe1 Nf3# 0-1


[Site "https://www.chess.com"]

[Event "Titled Tuesday Blitz February 07 Late 2023"]
[White "Bluebaum, Matthias"]
[Black "Koziorowicz, Michal"]
[WhiteFideId "24651516"]
[BlackFideId "21809194"]
[WhiteElo "2669"]
[BlackElo "2307"]
[Result "1-0"]
[Round "04"]
[TimeControl "180+2"]
[Date "2023.02.07"]
[WhiteClock "0:02:36"]
[BlackClock "0:01:48"]

1. d4 Nf6 2. c4 e6 3. Nc3 Bb4 4. e3 O-O 5. Bd2 b6 6. Nf3 Bb7 7. Bd3 Bxc3 8. Bxc3 Ne4 9. Bxe4 Bxe4 10. d5 Bg6 11. h4 f6 12. h5 Bf7 13. h6 g6 14. Qd4 e5 15. Nxe5 c5 16. Qf4 d6 17. Ng4 Nd7 18. Qxd6 Re8 19. Qxd7 1-0


[Site "https://www.chess.com"]

[Event "Titled Tuesday Blitz February 07 Late 2023"]
[White "Dourerassou, Jonathan"]
[Black "Paravyan, David"]
[WhiteFideId "628050"]
[BlackFideId "4194985"]
[WhiteElo "2414"]
[BlackElo "2601"]
[Result "0-1"]
[Round "04"]
[TimeControl "180+2"]
[Date "2023.02.07"]
[WhiteClock "0:00:52"]
[BlackClock "0:01:09"]

1. d4 Nf6 2. Bg5 d5 3. Bxf6 gxf6 4. e3 c5 5. c3 e5 6. dxe5 fxe5 7. Nd2 Nc6 8. Bb5 Rg8 9. Qh5 Qf6 10. Ngf3 Bd6 11. Qxh7 Rh8 12. Qd3 Be6 13. Ne4 dxe4 14. Qxd6 exf3 15. Bxc6+ bxc6 16. Qxc6+ Ke7 17. Qb7+ Bd7 18. O-O-O Qc6 19. Qb3 fxg2 20. Rhg1 Be6 0-1


[Site "https://www.chess.com"]

[Event "Titled Tuesday Blitz February 07 Late 2023"]
[White "Taspinar, Yanki"]
[Black "Bortnyk, Olexandr"]
[WhiteFideId "34561188"]
[BlackFideId "14120828"]
[WhiteElo "2262"]
[BlackElo "2605"]
[Result "0-1"]
[Round "04"]
[TimeControl "180+2"]
[Date "2023.02.07"]
[WhiteClock "0:00:03"]
[BlackClock "0:00:06"]

1. Nf3 Nf6 2. g3 b6 3. Bg2 Bb7 4. O-O g6 5. b3 Bg7 6. Bb2 O-O 7. c4 e6 8. Nc3 d5 9. cxd5 exd5 10. d4 Re8 11. Rc1 c6 12. e3 Nbd7 13. Ne2 Ne4 14. Nf4 Qf6 15. Nd3 Ba6 16. Re1 Qd6 17. Nfe5 Rac8 18. Bh3 f5 19. Nxd7 Qxd7 20. Ne5 Qd6 21. Bg2 c5 22. dxc5 bxc5 23. Nd3 Bxb2 24. Nxb2 Red8 25. Qc2 Qf6 26. Red1 Kg7 27. Nd3 Bxd3 28. Qxd3 c4 29. Qc2 cxb3 30. Qxb3 Nc3 31. Qb7+ Kh6 32. Rxc3 Qxc3 33. Qxa7 Qc5 34. Qa4 Qc4 35. Qa7 Rc7 36. Qa5 Qc5 37. Qd2 Qc2 38. Qd4 Rc4 39. Qd3 Qxd3 40. Rxd3 d4 41. exd4 Rdxd4 42. Rxd4 Rxd4 43. Bf3 Kg5 44. h4+ Kf6 45. Kg2 f4 46. g4 h6 47. Be2 Ra4 48. Kf3 Rxa2 49. Bc4 Ra3+ 50. Kg2 g5 51. hxg5+ Kxg5 52. Be2 Kf6 53. Bf3 Ke5 54. Be2 Ra2 55. Bf3 Rb2 56. Bd1 Kd4 57. Bf3 Ra2 58. Bc6 Rc2 59. Bb5 Rc3 60. Ba6 Rb3 61. Bc8 Ke5 62. Bd7 Kf6 63. Bc6 Rc3 64. Bf3 Kg5 65. Be2 Rc7 66. Bf3 Re7 67. Bd1 Re8 68. Bf3 Re1 69. Kh3 Rg1 70. Kh2 Rxg4 71. Bxg4 Kxg4 72. Kg2 f3+ 73. Kh2 Kh4 74. Kg1 Kh3 75. Kh1 Kg4 76. Kg1 Kf4 77. Kh2 Ke4 78. Kh3 Kd3 79. Kg3 Ke2 0-1


[Site "https://www.chess.com"]

[Event "Titled Tuesday Blitz February 07 Late 2023"]
[White "Babazada, Khazar"]
[Black "Maksimovic, Bojan"]
[WhiteFideId "13413554"]
[BlackFideId "14408120"]
[WhiteElo "2474"]
[BlackElo "2486"]
[Result "0-1"]
[Round "04"]
[TimeControl "180+2"]
[Date "2023.02.07"]
[WhiteClock "0:00:21"]
[BlackClock "0:00:06"]

1. Nf3 g6 2. g3 Bg7 3. Bg2 d6 4. O-O Bd7 5. c4 Qc8 6. Qb3 Nc6 7. Nc3 Nf6 8. d3 Rb8 9. Bd2 Bh3 10. Nd5 Bxg2 11. Kxg2 O-O 12. Qa4 Re8 13. Rac1 a6 14. Bc3 e5 15. e4 Nd7 16. b4 Nd8 17. Bb2 c6 18. Ne3 Ne6 19. Rfd1 Nd4 20. Bxd4 exd4 21. Nc2 c5 22. bxc5 dxc5 23. Rb1 Ne5 24. Nxe5 Bxe5 25. Ne1 f5 26. f4 Bc7 27. e5 b5 28. cxb5 Qb7+ 29. Nf3 axb5 30. Qb3+ Kg7 31. Rdc1 Qc6 32. Kf2 c4 33. Qb4 c3 34. Ke2 Red8 35. Qe7+ Kg8 36. Kf2 Rd7 37. Qb4 Ra8 38. Rc2 Ra5 39. Qb3+ Qd5 40. Nxd4 Bb6 41. Qxd5+ Rxd5 42. Ke2 Bxd4 43. Rb4 Ra4 44. Rb3 b4 45. Kd1 Rda5 46. e6 Kf8 47. Re2 Ke7 48. Rc2 Ra6 49. h3 Rxe6 50. a3 bxa3 51. Rb7+ Kf6 52. Ra2 Rb6 53. Rxb6+ Bxb6 54. Kc2 Bd4 55. Kb3 Ra8 56. Kc4 Rd8 57. Rxa3 c2 58. Ra6+ Kg7 0-1


[Site "https://www.chess.com"]

[Event "Titled Tuesday Blitz February 07 Late 2023"]
[White "Sjugirov, Sanan"]
[Black "Perske, Thore"]
[WhiteFideId "4189302"]
[BlackFideId "12902195"]
[WhiteElo "2712"]
[BlackElo "2448"]
[Result "1/2-1/2"]
[Round "04"]
[TimeControl "180+2"]
[Date "2023.02.07"]
[WhiteClock "0:00:06"]
[BlackClock "0:00:50"]

1. d4 Nf6 2. c4 g6 3. Nc3 Bg7 4. e4 d6 5. Nf3 O-O 6. Be2 e5 7. O-O Nc6 8. d5 Ne7 9. b4 Ne8 10. a4 f5 11. a5 Nf6 12. Re1 h6 13. Ra3 f4 14. h3 g5 15. Nh2 Ng6 16. c5 Rf7 17. c6 bxc6 18. dxc6 Be6 19. b5 Bf8 20. Ra4 Nh4 21. Nf3 Nxf3+ 22. Bxf3 Rh7 23. Nd5 Bxd5 24. exd5 h5 25. Be4 Nxe4 26. Rexe4 Rb8 27. Rab4 Qc8 28. f3 Rg7 29. Kf2 g4 30. hxg4 hxg4 31. Re1 gxf3 32. Qxf3 Qf5 33. Qe4 Qg4 34. Qf3 Qf5 35. Qe4 Qg4 36. Qf3 Qf5 1/2-1/2


[Site "https://www.chess.com"]

[Event "Titled Tuesday Blitz February 07 Late 2023"]
[White "Khripachenko, Alexander"]
[Black "Urazayev, Arystanbek"]
[WhiteFideId "54184975"]
[BlackFideId "13709810"]
[WhiteElo "2110"]
[BlackElo "2460"]
[Result "0-1"]
[Round "04"]
[TimeControl "180+2"]
[Date "2023.02.07"]
[WhiteClock "0:01:26"]
[BlackClock "0:01:49"]

1. d4 Nf6 2. c4 e6 3. Nc3 d5 4. Nf3 a6 5. cxd5 exd5 6. Bg5 Be6 7. e3 Nbd7 8. Bd3 c6 9. O-O Bd6 10. Qc2 Qc7 11. Rab1 h6 12. Bh4 O-O 13. b4 Bg4 14. Bg3 Bxg3 15. hxg3 Qd6 16. a4 Rac8 17. Rfc1 Rfe8 18. b5 axb5 19. axb5 c5 20. dxc5 Nxc5 21. Bf5 Bxf5 22. Qxf5 Ne6 23. Qd3 Red8 24. Nd4 Nxd4 25. Qxd4 Rc4 26. Qd2 d4 27. Ne2 Rxc1+ 28. Rxc1 dxe3 29. Qxe3 Qd1+ 0-1


[Site "https://www.chess.com"]

[Event "Titled Tuesday Blitz February 07 Late 2023"]
[White "Dzida, Kamil"]
[Black "Yoo, Christopher Woojin"]
[WhiteFideId "21828652"]
[BlackFideId "30909694"]
[WhiteElo "2352"]
[BlackElo "2607"]
[Result "1/2-1/2"]
[Round "04"]
[TimeControl "180+2"]
[Date "2023.02.07"]
[WhiteClock "0:00:13"]
[BlackClock "0:00:03"]

1. e4 c6 2. d4 d5 3. Nc3 dxe4 4. Nxe4 Nf6 5. Nxf6+ exf6 6. c3 Bd6 7. Bd3 O-O 8. Qc2 Re8+ 9. Ne2 h5 10. O-O h4 11. Nf4 g5 12. Ne2 h3 13. f4 hxg2 14. Rf2 Bh3 15. fxg5 Nd7 16. Bf4 Bf8 17. gxf6 Nxf6 18. Be5 Bg7 19. Nf4 Ng4 20. Bxg7 Qh4 21. Nxh3 Qxh3 22. Be5 Rxe5 23. Rxg2 Rg5 24. Re1 Qh4 25. Qe2 Kh8 26. Rf1 Nxh2 27. Rxf7 Rxg2+ 28. Qxg2 Rg8 29. Rh7+ Qxh7 30. Bxh7 Nf3+ 31. Kf2 Rxg2+ 32. Kxg2 Nxd4 33. cxd4 Kxh7 34. Kf3 Kg6 35. Ke4 Kf6 36. d5 c5 37. a4 a5 38. b3 b6 39. Kf4 Ke7 40. Ke5 Kd7 41. Kf4 Kd6 42. Ke4 Kc7 43. Ke5 Kd7 44. Kf4 Kd6 45. Ke4 Kc7 46. Ke5 Kd7 1/2-1/2


[Site "https://www.chess.com"]

[Event "Titled Tuesday Blitz February 07 Late 2023"]
[White "Yuan, Qingyu"]
[Black "Carlsen, Magnus"]
[WhiteFideId "8609772"]
[BlackFideId "1503014"]
[WhiteElo "2373"]
[BlackElo "2853"]
[Result "0-1"]
[Round "04"]
[TimeControl "180+2"]
[Date "2023.02.07"]
[WhiteClock "0:00:01"]
[BlackClock "0:00:03"]

1. e4 c5 2. Nf3 e6 3. c3 d5 4. exd5 exd5 5. d4 Nc6 6. Bb5 Nf6 7. O-O Be7 8. dxc5 Bxc5 9. Re1+ Be6 10. Be3 Bxe3 11. Rxe3 O-O 12. Nbd2 Qb6 13. Bxc6 bxc6 14. b3 c5 15. h3 a5 16. Qc2 h6 17. Rae1 a4 18. Qb1 Rfb8 19. Qc2 Ra6 20. c4 d4 21. Re5 axb3 22. axb3 Qb4 23. R5e2 Qc3 24. Qxc3 dxc3 25. Nb1 Rxb3 26. Re3 Ra1 27. Nxc3 Rxe1+ 28. Nxe1 Bxc4 29. Nf3 Be6 30. Nd2 Rb2 31. Nde4 Nxe4 32. Nxe4 Rc2 33. Rc3 Rxc3 34. Nxc3 g5 35. Kf1 f5 36. Ke2 Kf7 37. Kd3 Ke7 38. Na4 Kd6 39. g3 f4 40. gxf4 gxf4 41. h4 Kd5 42. Nb6+ Ke5 43. Na4 c4+ 44. Kc3 Bf7 45. Nb6 Ke4 46. Nc8 Kf3 47. Nd6 Be6 48. Kd4 Kxf2 49. Ke5 f3 50. Kxe6 c3 51. Ne4+ Ke1 52. Kf6 c2 53. Ng3 c1=Q 0-1


[Site "https://www.chess.com"]

[Event "Titled Tuesday Blitz February 07 Late 2023"]
[White "Martinez Alcantara, Jose Eduardo"]
[Black "Rustemov, Alexander"]
[WhiteFideId "3805662"]
[BlackFideId "4119002"]
[WhiteElo "2619"]
[BlackElo "2525"]
[Result "1-0"]
[Round "04"]
[TimeControl "180+2"]
[Date "2023.02.07"]
[WhiteClock "0:00:21"]
[BlackClock "0:00:24"]

1. e4 e6 2. d4 d5 3. Nd2 dxe4 4. Nxe4 Bd7 5. Nf3 Bc6 6. Bd3 Nd7 7. O-O Ngf6 8. Ned2 Be7 9. b3 b5 10. Bb2 b4 11. Ne5 Bd5 12. Qe2 c6 13. Ndc4 a5 14. Ne3 Qc7 15. Nxd5 cxd5 16. f4 g6 17. g4 O-O 18. f5 exf5 19. gxf5 Bd6 20. Rae1 Rae8 21. Kh1 Re7 22. Qe3 Rfe8 23. Qg5 Bxe5 24. dxe5 Rxe5 25. Bxe5 Rxe5 26. Qg3 Kg7 27. fxg6 hxg6 28. Rxe5 Nxe5 29. Re1 Nfd7 30. Qf4 Qc3 31. Rf1 f5 32. Bxf5 gxf5 33. Qxf5 Qc6 34. Rg1+ Ng6 35. Rxg6+ Qxg6 36. Qxd7+ Kh6 37. Qh3+ Kg7 38. Qg3 Qxg3 39. hxg3 Kf6 40. Kg2 Ke5 41. g4 Kd4 42. g5 Kc3 43. g6 Kxc2 44. g7 d4 45. g8=Q d3 46. Qc4+ Kd2 47. Kf2 1-0


[Site "https://www.chess.com"]

[Event "Titled Tuesday Blitz February 07 Late 2023"]
[White "Hakobyan, Aram"]
[Black "Gorodetzky, David"]
[WhiteFideId "13306677"]
[BlackFideId "2813416"]
[WhiteElo "2608"]
[BlackElo "2485"]
[Result "1-0"]
[Round "04"]
[TimeControl "180+2"]
[Date "2023.02.07"]
[WhiteClock "0:01:27"]
[BlackClock "0:00:19"]

1. Nf3 Nf6 2. c4 c5 3. Nc3 Nc6 4. d4 cxd4 5. Nxd4 e6 6. g3 d5 7. Bg2 Bc5 8. Nb3 Bb6 9. cxd5 exd5 10. O-O d4 11. Na4 O-O 12. Bg5 h6 13. Bxf6 Qxf6 14. Rc1 Rd8 15. Nac5 Ne5 16. Nxb7 Bxb7 17. Bxb7 Rab8 18. Be4 d3 19. exd3 h5 20. Qxh5 g6 21. Qe2 Kg7 22. Kg2 Rh8 23. d4 Qe6 24. Bf5 Qd5+ 25. Qe4 Rbd8 26. Qxd5 Rxd5 27. Be4 1-0


[Site "https://www.chess.com"]

[Event "Titled Tuesday Blitz February 07 Late 2023"]
[White "Stoyanov, Tsvetan"]
[Black "Svane, Rasmus"]
[WhiteFideId "2917173"]
[BlackFideId "4657101"]
[WhiteElo "2454"]
[BlackElo "2623"]
[Result "1-0"]
[Round "04"]
[TimeControl "180+2"]
[Date "2023.02.07"]
[WhiteClock "0:00:04"]
[BlackClock "0:00:14"]

1. c4 Nf6 2. Nc3 c5 3. Nf3 Nc6 4. e3 a6 5. d4 cxd4 6. exd4 d5 7. Bg5 Be6 8. c5 g6 9. Bd3 Bg7 10. h3 Bf5 11. O-O Ne4 12. Be3 O-O 13. a3 Nxc5 14. Bxf5 gxf5 15. dxc5 d4 16. Nxd4 Nxd4 17. Qh5 Rc8 18. Rad1 e5 19. Bxd4 exd4 20. Qxf5 Re8 21. Ne4 Re5 22. Qf3 Qd5 23. Nf6+ Bxf6 24. Qg4+ Rg5 25. Qxc8+ Kg7 26. f3 Qe5 27. Qxb7 Qe2 28. f4 Rxc5 29. Qf3 Rc2 30. Qxe2 Rxe2 31. Rf2 Re3 32. Kf1 h5 33. Rf3 Re6 34. b4 Rc6 35. g4 hxg4 36. hxg4 Kg6 37. Ke2 Rc2+ 38. Rd2 Rc1 39. Kd3 Bg7 40. Ke4 Re1+ 41. Kd5 Rc1 42. a4 Rb1 43. Kc5 Bf8+ 44. Kxd4 Rxb4+ 45. Ke5 Rxa4 46. Rd5 Bg7+ 47. Kd6 Bf6 48. g5 Bg7 49. Kc6 Bf8 50. Kb6 Ra2 51. Rc3 Ra4 52. Rc6+ Kg7 53. f5 Rg4 54. g6 fxg6 55. f6+ Kh6 56. Rd8 Bb4 57. Rh8+ Kg5 58. f7 Rf4 59. Rc7 a5 60. Kb5 Rf5+ 61. Kc6 a4 62. Ra7 a3 63. Rb8 Bc5 64. Rb5 Be7 65. Rxf5+ gxf5 66. Rxe7 a2 67. Ra7 f4 1-0


[Site "https://www.chess.com"]

[Event "Titled Tuesday Blitz February 07 Late 2023"]
[White "Kamsky, Gata"]
[Black "Vasquez Schroeder, Rodrigo"]
[WhiteFideId "2000024"]
[BlackFideId "3400042"]
[WhiteElo "2665"]
[BlackElo "2524"]
[Result "1-0"]
[Round "04"]
[TimeControl "180+2"]
[Date "2023.02.07"]
[WhiteClock "0:00:19"]
[BlackClock "0:00:10"]

1. d4 Nf6 2. Bf4 g6 3. c3 Bg7 4. Nf3 O-O 5. Nbd2 d6 6. h3 c5 7. dxc5 dxc5 8. e4 Nc6 9. Be2 b6 10. O-O Bb7 11. Re1 Nh5 12. Bh2 Bh6 13. Nc4 Nf4 14. Bf1 Qxd1 15. Raxd1 Rfd8 16. Ne3 Nh5 17. Nd5 Nf6 18. Nxf6+ exf6 19. Bc4 Rxd1 20. Rxd1 Rd8 21. Rxd8+ Nxd8 22. Bd5 Bxd5 23. exd5 Nb7 24. c4 Bf8 25. Bb8 Bd6 26. Bxd6 Nxd6 27. Nd2 Kf8 28. Kf1 Ke7 29. Ke2 f5 30. Kd3 f6 31. f4 h5 32. h4 Kd7 33. b3 a6 34. a3 b5 35. cxb5 axb5 36. b4 cxb4 37. axb4 Nc8 38. Nb1 Kc7 39. Kd4 Kb6 40. Nd2 Nd6 41. Nb3 Nc4 42. Nc5 Kc7 43. Ne6+ Kd6 44. Nd8 Kd7 45. Nb7 Kc7 46. Na5 Nd6 47. Kc5 Kd7 48. Nc6 Kc7 49. Nd4 Ne4+ 50. Kxb5 Kd6 51. Kc4 Nd2+ 52. Kd3 Ne4 53. Ne2 Nf2+ 54. Kd4 Ne4 55. Nc3 Nd2 56. Kd3 Nf1 57. Kd4 Nd2 58. Nb5+ Kd7 59. Na3 Nb3+ 60. Kc3 Nd2 61. Kxd2 1-0


[Site "https://www.chess.com"]

[Event "Titled Tuesday Blitz February 07 Late 2023"]
[White "Rasulov, Vugar"]
[Black "Bikuzhin, Maksim"]
[WhiteFideId "13402390"]
[BlackFideId "24128015"]
[WhiteElo "2523"]
[BlackElo "2279"]
[Result "1-0"]
[Round "04"]
[TimeControl "180+2"]
[Date "2023.02.07"]
[WhiteClock "0:00:11"]
[BlackClock "0:00:08"]

1. d4 Nf6 2. c4 e6 3. Nc3 d5 4. Bg5 Be7 5. e3 h6 6. Bh4 O-O 7. Rc1 c6 8. Nf3 Nbd7 9. Be2 Ne4 10. Bxe7 Qxe7 11. O-O Nxc3 12. Rxc3 dxc4 13. Rxc4 e5 14. Qc2 exd4 15. Rxd4 Nf6 16. Rfd1 Be6 17. b4 Rfd8 18. a3 Rxd4 19. Nxd4 Bg4 20. Bxg4 Nxg4 21. h3 Nf6 22. Nf5 Qf8 23. Nd6 Qe7 24. Rd4 Rd8 25. Qc5 Qc7 26. e4 Rd7 27. e5 Nd5 28. Qxa7 f6 29. Nc4 fxe5 30. Rd2 Kh7 31. Qc5 b6 32. Qf8 Rf7 33. Qe8 Re7 34. Qh5 e4 35. Ne3 Nxe3 36. fxe3 Qe5 37. Qxe5 Rxe5 38. Rd6 b5 39. Rxc6 Rd5 40. Kf2 Rd3 41. Re6 Rxa3 42. Rxe4 Rb3 43. Kf3 Kg6 44. Rd4 Kf6 45. h4 h5 46. Rd5 Rxb4 47. Rxh5 g6 48. Rc5 Rxh4 49. Rxb5 Ra4 50. Rb6+ Kf5 51. e4+ Kg5 52. Rb5+ Kf6 53. Kf4 Ra1 54. Rb6+ Kf7 55. g4 Re1 56. Rb7+ Kf6 57. g5+ Ke6 58. Rb6+ Kf7 59. Ke5 Rg1 60. Rb7+ Kg8 61. Kf6 Rg4 62. e5 1-0


[Site "https://www.chess.com"]

[Event "Titled Tuesday Blitz February 07 Late 2023"]
[White "Makhnev, Denis"]
[Black "Oganian, Miran"]
[WhiteFideId "13707647"]
[BlackFideId "4122488"]
[WhiteElo "2483"]
[BlackElo "2439"]
[Result "1-0"]
[Round "04"]
[TimeControl "180+2"]
[Date "2023.02.07"]
[WhiteClock "0:00:21"]
[BlackClock "0:00:32"]

1. d4 e6 2. c4 d5 3. Nf3 a6 4. e3 Nf6 5. Nc3 dxc4 6. Bxc4 b5 7. Bb3 Bb7 8. O-O Nbd7 9. e4 b4 10. e5 bxc3 11. exf6 Nxf6 12. bxc3 Be7 13. Ba4+ c6 14. Rb1 Qc7 15. Ne5 O-O 16. Rxb7 Qxb7 17. Bxc6 Qc7 18. Bxa8 Rxa8 19. Qf3 Rc8 20. c4 Bd6 21. Bf4 Bxe5 22. dxe5 Nd7 23. Rc1 Nxe5 24. Qe2 f6 25. c5 Rd8 26. h3 a5 27. c6 Rd6 28. Bxe5 fxe5 29. Qb5 Rd8 30. g3 Rc8 31. a4 h6 32. h4 Kh8 33. h5 Kg8 34. Qc4 Kf7 35. Rc3 Qd6 36. c7 Kg8 37. Rc1 Kf8 38. Qb5 Ke7 39. Qxa5 Kd7 40. Qb5+ Ke7 41. Qc5 Qxc5 42. Rxc5 Kd6 43. Rc1 Rxc7 44. Rxc7 Kxc7 45. Kf1 Kb6 46. Ke2 Ka5 47. Ke3 Kxa4 48. Ke4 Kb4 49. Kxe5 Kc3 50. Kxe6 Kd3 51. Kf7 Ke2 52. Kxg7 Kxf2 53. Kxh6 Kxg3 54. Kg5 1-0


[Site "https://www.chess.com"]

[Event "Titled Tuesday Blitz February 07 Late 2023"]
[White "Ibarra Jerez, Jose Carlos"]
[Black "Alex_Sahakyan2006"]
[WhiteFideId "2226332"]
[WhiteElo "2563"]
[BlackElo "2733"]
[Result "1-0"]
[Round "04"]
[TimeControl "180+2"]
[Date "2023.02.07"]
[WhiteClock "0:00:56"]
[BlackClock "0:00:05"]

1. e4 c5 2. Be2 b6 3. f4 Bb7 4. d3 g6 5. Nf3 Bg7 6. O-O Nc6 7. c3 e6 8. d4 cxd4 9. cxd4 Nf6 10. Nc3 d5 11. e5 Ne4 12. Be3 O-O 13. Bd3 Nb4 14. Bb1 Rc8 15. a3 Nxc3 16. bxc3 Nc6 17. g4 Na5 18. Qe1 Qc7 19. Bd2 Nb3 20. f5 Nxd2 21. Qxd2 Qxc3 22. Qxc3 Rxc3 23. f6 Bh6 24. g5 Ba6 25. Rf2 Rxf3 26. Rxf3 Bxg5 27. Bd3 Bxd3 28. Rxd3 Rc8 29. a4 Rc4 30. Kf2 h5 31. a5 b5 32. a6 b4 33. Ra5 Bh6 34. Rb5 Rc6 35. Rb8+ Bf8 36. Rb3 Rxa6 37. R3xb4 Rb6 38. R4xb6 axb6 39. h4 g5 40. hxg5 b5 41. Kg3 b4 42. Kh4 b3 43. Kxh5 b2 44. g6 fxg6+ 45. Kxg6 b1=Q+ 46. Rxb1 Bg7 47. Rb8+ Bf8 48. f7+ Kh8 49. Rxf8# 1-0


[Site "https://www.chess.com"]

[Event "Titled Tuesday Blitz February 07 Late 2023"]
[White "Gascon Del Nogal, Jose Rafael"]
[Black "Svane, Frederik"]
[WhiteFideId "3902463"]
[BlackFideId "12923044"]
[WhiteElo "2459"]
[BlackElo "2600"]
[Result "0-1"]
[Round "04"]
[TimeControl "180+2"]
[Date "2023.02.07"]
[WhiteClock "0:00:01"]
[BlackClock "0:00:02"]

1. e4 d6 2. d4 Nf6 3. Nc3 e5 4. dxe5 dxe5 5. Qxd8+ Kxd8 6. Bc4 Be6 7. Bxe6 fxe6 8. f3 Bd6 9. Be3 Nbd7 10. Nh3 Ke7 11. O-O-O a6 12. Nf2 b5 13. Ne2 Rhd8 14. Rd2 Bb4 15. c3 Bc5 16. Bxc5+ Nxc5 17. Rhd1 Rxd2 18. Rxd2 g5 19. h3 h5 20. Nd3 Nxd3+ 21. Rxd3 g4 22. hxg4 hxg4 23. Kd2 Rh8 24. Ke3 Rh2 25. Kf2 gxf3 26. Kxf3 Rh1 27. Rd2 Rf1+ 28. Ke3 Ng4+ 29. Kd3 c5 30. b3 Nf2+ 31. Ke3 Ng4+ 32. Kd3 Rf2 33. Ng3 c4+ 34. bxc4 bxc4+ 35. Kc2 Ne3+ 36. Kc1 Rxg2 37. Rxg2 Nxg2 38. Nf1 Kd6 39. Kd2 Nf4 40. Ne3 Kc5 41. Ng4 Nd3 42. Nf6 a5 43. Kc2 Nf2 44. Nd7+ Kd6 45. Nb6 Kc5 46. Nd7+ Kb5 47. Nf6 Ka4 48. Kb2 Nd3+ 49. Kb1 Nf2 50. Kc2 Ka3 51. Kb1 Nd1 52. Kc2 Kxa2 53. Kxd1 Kb2 54. Nd7 a4 55. Nxe5 Kxc3 56. Kc1 Kd4 57. Nd7 c3 58. Kc2 a3 59. Nb6 a2 0-1


[Site "https://www.chess.com"]